 Dungeon Crawl Stone Soup version 0.31-a0-217-g58bb5d7 (webtiles) character file.

Game seed: 7248802036177699578

4 lyrin the Cutter (level 1, -3/14 HPs)
             Began as a Kobold Monk on July 2, 2023.
             Slain by a hobgoblin (5 damage)
             ... on level 1 of the Dungeon.
             The game lasted 00:00:12 (127 turns).

lyrin the Cutter (Kobold Monk)                       Turns: 127, Time: 00:00:12

Health: -3/14      AC:  2    Str:  8    XL:     1   Next: 66%
Magic:  1/1        EV: 16    Int: 11    God:
Gold:   13         SH:  0    Dex: 17    Spells: 0/0 levels left

rFire   . . .        a - +0 short sword
rCold   . . .        d - orb {light}
rNeg    . . .        b - +0 robe
rPois   .            (no helmet)
rElec   .            (no cloak)
rCorr   .            (no gloves)
SInv    .            (no boots)
Will    .....        (no amulet)
Stlth   +            (no ring)
HPRegen 0.22/turn    (no ring)
MPRegen 0.07/turn

%: no passive effects
@: glowing
A: small, no large weapons, nightstalker 3
a: no special abilities


You were on level 1 of the Dungeon.
You visited 1 branch of the dungeon, and saw 1 of its levels.

You collected 13 gold pieces.

Inventory:

Hand Weapons
 a - a +0 short sword (weapon)
Armour
 b - a +0 robe (worn)
 d - an orb of light (worn)
Potions
 c - a potion of ambrosia
 e - a potion of haste {unknown}
 f - a potion of attraction {unknown}


   Skills:
 + Level 3.4 Fighting
 + Level 4.1 Short Blades
 + Level 3.7 Dodging


You couldn't memorise any spells.
You didn't know any spells.
Your spell library was empty.

Dungeon Overview and Level Annotations

Branches:
Dungeon (1/15)

Altars:


Innate Abilities, Weirdness & Mutations

You are small and have problems with some larger weapons.
You are completely attuned to the shadows.


Message History

You see here a +0 dagger.
You hit the rat.
You kill the rat!
An endoplasm comes into view.
The hobgoblin barely misses you.
You hit the hobgoblin.
The hobgoblin is lightly wounded.
The hobgoblin barely misses you.
A frilled lizard comes into view.
You hit the hobgoblin but do no damage.
The hobgoblin is lightly wounded.
The hobgoblin barely misses you.
You hit the hobgoblin.
The hobgoblin is heavily wounded.
You hit the hobgoblin but do no damage.
The hobgoblin is heavily wounded.
The hobgoblin misses you. The endoplasm barely misses you.
The hobgoblin closely misses you.
You see here Maxwell's Memoranda.
You hit the hobgoblin but do no damage.
The hobgoblin is heavily wounded.
The endoplasm freezes you.
You are frozen.
The hobgoblin barely misses you. The frilled lizard barely misses you.
You hit the hobgoblin but do no damage.
The hobgoblin is heavily wounded.
The endoplasm misses you. The hobgoblin barely misses you.
The frilled lizard bites you.
You are too injured to fight recklessly!
You are too injured to fight recklessly!
You hit the endoplasm.
The endoplasm is heavily wounded.
The hobgoblin closely misses you. The endoplasm freezes you.
You are frozen.
* * * LOW HITPOINT WARNING * * *
The frilled lizard completely misses you.
The endoplasm attacks as you move away! The endoplasm closely misses you.
The hobgoblin attacks as you move away! The hobgoblin hits you.
You die...

.. #. ###########
#.#######..........
#..................
#.@................
#lJg)....##........
..........#.........
.....#............#..
.....#............#..
.................#..
............#..
####........#..
#........###


You could see an endoplasm, a hobgoblin and a frilled lizard.

Vanquished Creatures
  A goblin (D:1)
  2 bats (D:1)
  2 rats (D:1)
5 creatures vanquished.

Notes
Turn   | Place    | Note
-------+----------+-------------------------------------------
     0 | D:1      | lyrin the Kobold Monk began the quest for the Orb.
     0 | D:1      | Reached XP level 1. HP: 14/14 MP: 1/1
   127 | D:1      | Slain by a hobgoblin

Illustrated notes

Levels and vault maps discovered:
D:1:      psy_arrival_heroes, layout_basic

Action                     || total
---------------------------++-------
  Melee: Short sword       ||    24
 Armour: Robe              ||     2
  Dodge: Dodged            ||    36

Table legend: (Time is in decaauts)
 A = Elapsed time spent in this place.
 B = Non-inter-level travel time spent in this place.
 C = Inter-level travel time spent in this place.
 D = Time resting spent in this place.
 E = Time spent auto-exploring this place.
 F = Levels seen in this place.
 G = Mean time per level.
                   A        B        C        D        E       F      G
               +--------+--------+--------+--------+--------+-----+--------+
         Total |    122 |    122 |      0 |      0 |     81 |   1 |  122.0 |
       Dungeon |    122 |    122 |      0 |      0 |     81 |   1 |  122.0 |
               +--------+--------+--------+--------+--------+-----+--------+

Top non-repeatable levels by time:
     D:1: 122 daAuts
